 Dungeon Crawl Stone Soup version 0.30.1-11-g7821555f0a (webtiles) character file.

Game seed: 10434461146717902727

6852 Okkudo the Severer (level 11, 0/104 HPs)
             Began as a Hill Orc Monk on Dec 6, 2023.
             Was an Elder of Beogh.
             Succumbed to a hornet's poison
             ... on level 10 of the Dungeon.
             The game lasted 00:45:52 (9656 turns).

Okkudo the Severer (Hill Orc Monk)                  Turns: 9656, Time: 00:45:53

Health: 0/104      AC: 15    Str: 19    XL:     11   Next: 6%
Magic:  11/11      EV:  6    Int: 10    God:    Beogh [****..]
Gold:   531        SH:  5    Dex: 13    Spells: 10/10 levels left

rFire   . . .        L - +3 battleaxe
rCold   . . .        (shield currently unavailable)
rNeg    . . .        d - +0 plate armour
rPois   .            r - +0 helmet
rElec   .            u - +2 cloak
rCorr   .            J - +0 pair of gloves
SInv    .            (no boots)
Will    +....        e - amulet of reflection Stlth
                     k - ring of flight
HPRegen 0.37/turn    R - ring of willpower
MPRegen 0.12/turn

%: reflection
@: lethally poisoned (0 -> -4), flying, slowed, very slow
A: no striking features
a: Renounce Religion, Smiting, Recall Orcish Followers


You were on level 10 of the Dungeon.
You worshipped Beogh.
Beogh was greatly pleased with you.
You visited 1 branch of the dungeon, and saw 10 of its levels.
You also visited: Ossuary.

You collected 726 gold pieces.
You spent 195 gold pieces at shops.

Inventory:

Hand Weapons
 p - a +1 spear
 s - a +0 glaive of protection
 I - the +4 mace of Accord {freeze, Str+2}
   (You found it on level 6 of the Dungeon)

   Str:       It affects your strength (+2).
 L - a +3 battleaxe (weapon)
 O - a +0 glaive
Missiles
 w - an atropa-tipped dart (quivered)
Armour
 d - a +0 plate armour (worn)
 o - +0 acid dragon scales
 r - a +0 helmet (worn)
 u - a +2 cloak (worn)
 J - a +0 pair of gloves (worn)
 M - a +2 scale mail of poison resistance
 N - a +0 buckler
Jewellery
 e - an amulet of reflection (around neck)
 k - a ring of flight (left hand)
 Q - an amulet of regeneration
 R - a ring of willpower (right hand)
Wands
 l - a wand of iceblast (4)
 F - a wand of charming (1)
 K - a wand of polymorph (8)
Scrolls
 a - 2 scrolls of immolation
 g - 3 scrolls of teleportation
 h - 2 scrolls of poison
 j - 2 scrolls of blinking
 m - a scroll of enchant armour
 n - a scroll of silence
 v - 3 scrolls of magic mapping
 y - 2 scrolls of amnesia
 E - 4 scrolls of enchant weapon
 G - a scroll of noise
 H - a scroll of fog
 P - a scroll of butterflies
Potions
 b - 2 potions of attraction {unknown}
 c - 2 potions of ambrosia
 f - 3 potions of heal wounds
 i - a potion of haste {unknown}
 q - 3 potions of lignification {unknown}
 t - 2 potions of resistance {unknown}
 x - a potion of berserk rage {unknown}
 z - 3 potions of mutation {unknown}
 A - 6 potions of might {unknown}
 B - 4 potions of curing
 C - a potion of flight {unknown}
 D - 2 potions of brilliance {unknown}
 S - a potion of degeneration {unknown}


   Skills:
 + Level 12.0 Fighting
 * Level 17.0 Axes
 - Level 3.8 Dodging


You had 10 spell levels left.
You didn't know any spells.
Your spell library contained the following spells:

 Spells                   Type           Power      Damage    Failure   Level
 Lesser Beckoning         Tloc           0%         N/A       100%        2
 Gell's Gravitas          Tloc           0%         N/A       100%        3
 Teleport Other           Tloc           0%         N/A       100%        3
 Summon Forest            Summ/Tloc      0%         N/A       100%        5
 Dispersal                Tloc           0%         N/A       100%        6
 Eringya's Noxious Bog    Tmut/Pois      0%         N/A       100%        6
 Summon Hydra             Summ           0%         N/A       100%        7


Dungeon Overview and Level Annotations

Branches:
Dungeon (10/15)            Temple (0/1) D:7            Lair (0/5) D:10
    Orc (0/2) D:10        Ossuary (visited)

Altars:
Ashenzari
Cheibriados
Elyvilon
Fedhas
Hepliaklqana
Makhleb
Nemelex Xobeh
Ru
Wu Jian
Xom
Yredelemnul
The Shining One

Shops:
D:4 [!*[*

Annotations:
D:3 1 runed translucent door, auo's ghost, novice DjFE
D:10 exclusion: orc knight


Message History

The howler monkey dies!
Beogh accepts your kill.
You swap places.
You block the howler monkey's attack.
You swap places.
The howler monkey hits you.
* * * LOW HITPOINT WARNING * * *
Your orc knight hits the howler monkey with a +0 short sword.
The hornet attacks as you move away! The hornet closely misses you.
You block the hornet's attack.
Your orc knight hits the howler monkey with a +0 trident!
Your orc warrior hits the howler monkey with a +0 short sword!
The howler monkey dies!
Beogh accepts your kill.
Your orc warrior looks more experienced.
Your Fighting skill increases to level 12!
Your Axes skill increases to level 17!
The hornet attacks as you move away! The hornet closely misses you.
The hornet barely misses you. The hornet attacks as you move away!
The hornet stings you but does no damage.
You block the hornet's attack. The hornet completely misses you.
You feel better. The hornet stings you.
* * * LOW HITPOINT WARNING * * *
You are poisoned.
You feel yourself slow down.
Your orc knight hits the hornet with a +0 trident!
Your orc knight barely misses the hornet.
The hornet attacks as you move away! The hornet stings you!
* * * LOW HITPOINT WARNING * * *
You feel as though you will be slow longer.
* * * LOW HITPOINT WARNING * * *
You feel very sick. The hornet barely misses you. The hornet stings you.
* * * LOW HITPOINT WARNING * * *
You feel as though you will be slow longer.
* * * LOW HITPOINT WARNING * * *
You feel sick. The hornet barely misses you.
Your orc knight completely misses the hornet.
Your orc knight hits the hornet with a +0 short sword!
You die...

#.... ..#_#.. #....
#...# ^_~♣..
#....######...# ♣≈..^#
#.............# .~#.
#.............# ##⌠###
#.............#####.....
#.........o.o..o........
#.........o..oo......>..
#......@.yooo####††.....
#......######...#......#
#...... ...#o.o...#
....... #..#ooo...#
....... ..+o.....#
....... .##......#
....... ............#
....... ♣.♣..........
.............


You could see a hornet (distracted), 2 friendly orc knights, 2 friendly orc
warriors, a friendly orc wizard and 3 friendly orcs.

Vanquished Creatures
  The ghost of booth the Cleaver, a novice DsGl of Okawaru (D:7)
  The ghost of Nelofar the Chiller, a novice HuIE of Qazlal (D:5)
  2 trolls
  Grum (D:8)
  4 yaks
  A steam dragon (D:9)
  2 water moccasins (D:5)
  A sky beast (D:6)
  An ogre (D:5)
  A wolf (D:8)
  2 centaurs
  2 phantoms
  5 kobold brigands
  3 bullfrogs
  3 gnoll sergeants
  A scorpion (D:6)
  4 water moccasin zombies (Ossuary)
  8 wights (D:8)
  3 killer bees (D:10)
  3 howler monkeys
  5 hounds
  An orc priest (D:7)
  Crazy Yiuf (D:5)
  A jelly (D:5)
  3 iron imps (D:3)
  A sleepcap (D:8)
  3 iguanas
  Ijyb (D:3)
  4 mummies
  22 gnolls
  A river rat (D:3)
  11 adders
  A white imp (D:6)
  2 ufetubi
  2 adder zombies (Ossuary)
  2 worms
  A dart slug (D:4)
  6 orcs
  3 bats (D:3)
  4 endoplasms
  3 giant cockroaches
  3 goblins
  8 hobgoblins
  10 jackals
  6 quokkas
  5 ball pythons
  2 frilled lizards
  A goblin zombie (D:5)
  3 hobgoblin zombies (Ossuary)
  41 kobolds
  9 kobold zombies (Ossuary)
  8 orc zombies
  7 rats
230 creatures vanquished.

Vanquished Creatures (collateral kills)
  A two-headed ogre (D:8)
  A komodo dragon (D:10)
  A shadow (D:9)
  3 yaks
  An acid dragon (D:9)
  A water moccasin (D:8)
  2 ice beasts
  A sky beast (D:6)
  An orc warrior (D:7)
  An ogre (D:6)
  A centaur (D:7)
  A wolf (D:8)
  A scorpion (D:7)
  A killer bee (D:10)
  2 howler monkeys (D:10)
  2 orc priests (D:7)
  An iguana (D:7)
  An orc wizard (D:7)
  4 gnolls
  A white imp (D:7)
  7 orcs
  2 kobolds (D:7)
37 creatures vanquished.

Vanquished Creatures (others)
  A kobold brigand (D:5)
  A jelly (D:5)
  2 orc priests
  4 orc wizards
  4 gnolls (D:5)
  A shadow imp (D:5)
  14 orcs
  8 kobolds (D:5)
35 creatures vanquished.

Grand Total: 302 creatures vanquished

Notes
Turn   | Place    | Note
-------+----------+-------------------------------------------
     0 | D:1      | Okkudo the Hill Orc Monk began the quest for the Orb.
     0 | D:1      | Reached XP level 1. HP: 19/19 MP: 1/1
   230 | D:1      | Reached XP level 2. HP: 27/27 MP: 2/2
   699 | D:2      | Reached XP level 3. HP: 33/33 MP: 3/3
  1083 | D:2      | Reached XP level 4. HP: 41/41 MP: 4/4
  1124 | D:2      | Found a sacrificial altar of Ru.
  1132 | D:2      | Identified the +0 scale mail "Seavamoga" {rF+ Int+3}
  1274 | D:3      | Found a runed translucent door.
  1275 | D:3      | Noticed auo's ghost (novice DjFE)
  1275 | D:3      | Noticed Ijyb
  1284 | D:3      | Killed Ijyb
  1285 | D:3      | Reached skill level 5 in Axes
  1404 | D:3      | Found a burning altar of Makhleb.
  1426 | D:3      | Reached XP level 5. HP: 40/47 MP: 5/5
  1427 | D:3      | Reached skill level 5 in Fighting
  1605 | D:3      | Found a hazy altar of Hepliaklqana.
  1732 | D:3      | Found an ornate altar of the Wu Jian Council.
  1868 | D:3      | Reached XP level 6. HP: 56/56 MP: 6/6
  1980 | D:3      | Reached skill level 6 in Axes
  2224 | D:4      | Found Rainn's Assorted Antiques.
  2229 | D:4      | Bought a glowing cloak for 195 gold pieces
  2334 | D:4      | Found a broken altar of Ashenzari.
  2359 | D:4      | Found Cury's Antique Armour Shoppe.
  2384 | D:4      | Found Suotun's Distillery.
  2425 | D:4      | Found a snail-covered altar of Cheibriados.
  2519 | D:4      | Found Kynem's Armour Emporium.
  2947 | D:4      | Found Ysufock's Assorted Antiques.
  3159 | D:5      | Entered Level 5 of the Dungeon
  3186 | D:5      | Reached skill level 7 in Axes
  3213 | D:5      | Reached XP level 7. HP: 63/63 MP: 7/7
  3228 | D:5      | Found a sand-covered staircase.
  3234 | Ossuary  | Entered an ossuary
  3358 | Ossuary  | Reached skill level 8 in Axes
  3650 | D:5      | Found a blossoming altar of Fedhas.
  3666 | D:5      | Found a runed translucent gate.
  3667 | D:5      | Found a runed translucent gate.
  3668 | D:5      | Found a runed translucent gate.
  3669 | D:5      | Noticed Nelofar's ghost (novice HuIE)
  3876 | D:5      | Reached skill level 9 in Axes
  3876 | D:5      | Reached XP level 8. HP: 17/73 MP: 8/8
  4285 | D:5      | Became a worshipper of Beogh the Brigand
  4285 | D:5      | Reached * piety under Beogh
  4285 | D:5      | Reached ** piety under Beogh
  4459 | D:5      | Killed Nelofar's ghost
  4460 | D:5      | Reached skill level 10 in Axes
  4687 | D:5      | Reached skill level 11 in Axes
  4889 | D:5      | Reached XP level 9. HP: 71/82 MP: 9/9
  4891 | D:5      | Reached *** piety under Beogh
  5090 | D:5      | Reached skill level 12 in Axes
  5463 | D:5      | Found a runed translucent door.
  5464 | D:5      | Noticed Crazy Yiuf
  5470 | D:5      | Killed Crazy Yiuf
  5818 | D:6      | Identified the +4 mace of Accord {freeze, Str+2}
  6153 | D:6      | Found a sparkling altar of Nemelex Xobeh.
  6288 | D:7      | Reached skill level 13 in Axes
  6301 | D:7      | Found a staircase to the Ecumenical Temple.
  6318 | D:7      | You are sucked into a shaft and drop 1 floor!
  6334 | D:8      | Found a sacrificial altar of Ru.
  6384 | D:8      | Reached **** piety under Beogh
  6384 | D:8      | Gained Horkud as an ally
  6389 | D:8      | Your ally Horkud died
  6391 | D:8      | Found a white marble altar of Elyvilon.
  6721 | D:8      | Noticed a two-headed ogre
  6725 | D:8      | Killed a two-headed ogre
  6726 | D:8      | Reached skill level 10 in Fighting
  6726 | D:8      | Reached skill level 14 in Axes
  6776 | D:8      | Reached XP level 10. HP: 57/93 MP: 10/10
  6784 | D:8      | Noticed Grum
  7303 | D:7      | Found a runed translucent door.
  7305 | D:7      | Noticed booth's ghost (novice DsGl)
  7319 | D:7      | Killed booth's ghost
  7320 | D:7      | Reached skill level 15 in Axes
  7680 | D:8      | Killed Grum
  8502 | D:9      | Found a glowing golden altar of the Shining One.
  8792 | D:9      | Reached skill level 16 in Axes
  8869 | D:9      | Reached ***** piety under Beogh
  8934 | D:9      | Found a basalt altar of Yredelemnul.
  9327 | D:10     | Entered Level 10 of the Dungeon
  9335 | D:10     | Found a staircase to the Lair.
  9374 | D:10     | Gained Ugbert as an ally
  9432 | D:10     | Reached XP level 11. HP: 33/104 MP: 11/11
  9453 | D:10     | Your ally Ugbert died
  9501 | D:10     | Found a staircase to the Orcish Mines.
  9621 | D:10     | HP: 1/104 [something (8)]
  9630 | D:10     | Found a shimmering altar of Xom.
  9630 | D:10     | Found a shimmering altar of Xom.
  9631 | D:10     | Found a shimmering altar of Xom.
  9644 | D:10     | HP: 5/104 [howler monkey (5)]
  9647 | D:10     | Reached skill level 17 in Axes
  9654 | D:10     | HP: 4/104 [poisoned by a hornet]
  9655 | D:10     | HP: 1/104 [poisoned by a hornet]
  9656 | D:10     | Succumbed to a hornet's poison

Illustrated notes

Levels and vault maps discovered:
D:1:      dpeg_arrival_windows_large_door, layout_basic
D:2:      layout_rooms, basic_altar, kennysheep_cross_bottleneck
D:3:      layout_basic, demons_altar, nicolae_wu_jian_wuxing_cycle,
          mainiacjoe_overflow_24_doors, portal_sewer_entry_b,
          gammafunk_ghost_grave, st_stairs_5, chequers_serial_rivers_room_a,
          uniq_ijyb
D:4:      layout_basic, slow_altar_1, mainiacjoe_overflow_surrounded_room,
          serial_shops, shop, nicolae_shop_crystal,
          nicolae_shop_pleasant_corner_grove, nicolae_shop_tiny_statue_garden,
          nicolae_shop_overgrown_old_shop
D:5:      minmay_goblin_kobold_castle, layout_basic,
          mainiacjoe_overflow_six_doors_small, nicolae_ossuary_entry_giza,
          ebering_ghost_rock_garden, roderic_roman_lattice,
          kennysheep_generic_room_9, uniq_crazy_yiuf_cottage
D:6:      layout_gridville, kennysheep_mini
D:7:      layout_basic, minmay_temple_entry_waves, ebering_ghost_reflecting_pool
D:8:      layout_gridville, nicolae_ru_awakened_eye,
          nicolae_overflow_hidden_temple, minmay_misc_feat_roman,
          minmay_microvault, uniq_grum
D:9:      layout_roguey, kennysheep_little_box, lemuel_tele_altar, minivault_4
D:10:     layout_irregular_city, xom_redecorated, okawaru_trees_1,
          mainiacjoe_overflow_alcove_2, david_lair_shrubbed, orc_0_dummy,
          nzn_life_drinkers

Skill      XL: |  1  2  3  4  5  6  7  8  9 10 11 |
---------------+----------------------------------+-----
Fighting       | 4 5 6 7 8 10 11 12 | 12.0
Dodging        | 3 |  3.8
Axes           | 5 7 9 11 14 16 17 | 17.0

Action                     |  1- 3 |  4- 6 |  7- 9 | 10-12 || total
---------------------------+-------+-------+-------+-------++-------
  Melee: Hand axe          |    63 |       |       |       ||    63
         War axe           |     8 |   131 |   325 |    11 ||   475
         Battleaxe         |       |       |       |   149 ||   149
  Throw: Dart              |       |       |     1 |     2 ||     3
 Invoke: Convert to Beogh  |       |       |     1 |       ||     1
         Recall Orcish Fol |       |       |       |     3 ||     3
         Smiting           |       |       |       |     1 ||     1
  Evoke: Wand              |       |       |     2 |     1 ||     3
    Use: Scroll            |       |       |     7 |    10 ||    17
         Potion            |       |       |       |     5 ||     5
   Stab: Confused          |       |       |       |     1 ||     1
         Invisible         |       |       |       |     1 ||     1
 Armour: Robe              |     9 |       |       |       ||     9
         Ring mail         |     6 |     1 |       |       ||     7
         Scale mail        |       |    74 |   151 |    18 ||   243
         Plate armour      |       |       |       |    84 ||    84
  Dodge: Dodged            |    42 |   107 |   184 |    51 ||   384
  Block: Orb               |       |       |     1 |       ||     1
         Other             |       |       |       |    40 ||    40
         Reflection        |       |       |       |     1 ||     1
